| TOP OF THE 1ST |
|
Charlotte Knights batting - Pitching for Round Rock Express : RHP Ryusuke Yamamoto
|
|
Pitching: RHP Ryusuke Yamamoto
|
|
|
Batting: LHB Hirakito Herring
|
0-0: Ball 1-0: Ball 2-0: Foul Ball, location: 2F 2-1: Ball 3-1: Base on Balls
|
|
Batting: RHB Jeff Brower
|
0-0: Called Strike 0-1: SINGLE (Groundball, 5S, EV 64.4 MPH) (infield hit) Hirakito Herring to second
|
|
Batting: LHB Sonny Flood
|
0-0: Called Strike 0-1: Grounds into double play, 6-4-3 (Groundball, 6M, EV 105.0 MPH) Hirakito Herring to third
|
|
Batting: RHB Darwin Mills
|
0-0: Foul Ball, location: 2F 0-1: Ball 1-1: Ball 2-1: Ball 3-1: Foul Ball, location: 2F 3-2: Foul Ball, location: 2F 3-2: Ground out 5-3 (Groundball, 56S, EV 72.5 MPH)
|
| Top of the 1st over - 0 runs, 1 hit, 0 errors, 1 left on base; Charlotte 0 - Round Rock 0 |
| BOTTOM OF THE 1ST |
|
Round Rock Express batting - Pitching for Charlotte Knights : RHP Dave Espinoza
|
|
Pitching: RHP Dave Espinoza
|
|
|
Batting: SHB Frank King
|
0-0: Ball 1-0: Ball 2-0: Ball 3-0: Base on Balls
|
|
Batting: SHB David Simpson
|
0-0: Called Strike 0-1: Called Strike 0-2: Ball 1-2: Ball 2-2: Foul Ball, location: 2F 2-2: Ball 3-2: Ground out 4-3 (Groundball, 4, EV 97.5 MPH) Frank King to second
|
|
Batting: RHB Alan Oxenrider
|
0-0: Ball 1-0: Ball 2-0: Called Strike Frank King steals 3rd base 2-1: Ball 3-1: Ground out U3 (Groundball, 34, EV 82.5 MPH) Frank King scores
|
|
Batting: LHB Jeff Densmore
|
0-0: Ball 1-0: Ball 2-0: Ball 3-0: Base on Balls
|
|
Batting: RHB Jimmy Hammertime
|
0-0: Ball Jeff Densmore steals 2nd, throwing error, E2 Jeff Densmore to third 1-0: Ground out 4-3 (Groundball, 4S, EV 85.0 MPH)
|
| Bottom of the 1st over - 1 run, 0 hits, 1 error, 1 left on base; Charlotte 0 - Round Rock 1 |
| TOP OF THE 2ND |
|
Charlotte Knights batting - Pitching for Round Rock Express : RHP Ryusuke Yamamoto
|
|
Batting: LHB Brian Dickeson
|
0-0: Called Strike 0-1: Foul Ball, location: 2F 0-2: Ground out 4-3 (Groundball, 4D, EV 105.6 MPH)
|
|
Batting: RHB Will Washburn
|
0-0: Ball 1-0: Foul Ball, location: 2F 1-1: Called Strike 1-2: SINGLE (Groundball, 6, EV 95.0 MPH)
|
|
Batting: RHB Erik Christensen
|
0-0: Ball 1-0: Foul Ball, location: 2F 1-1: Called Strike 1-2: Foul Ball, location: 2F 1-2: Fly out, F3 (Popup, 3SF, EV 78.8 MPH)
|
|
Batting: RHB Nick Richardson
|
0-0: Ball 1-0: Swinging Strike 1-1: Foul Ball, location: 2F 1-2: Foul Ball, location: 2F 1-2: Fly out, F7 (Line Drive, 7D, EV 89.4 MPH)
|
| Top of the 2nd over - 0 runs, 1 hit, 0 errors, 1 left on base; Charlotte 0 - Round Rock 1 |
| BOTTOM OF THE 2ND |
|
Round Rock Express batting - Pitching for Charlotte Knights : RHP Dave Espinoza
|
|
Batting: RHB Andrew Clarke
|
0-0: Called Strike 0-1: Swinging Strike 0-2: Ball 1-2: SOLO HOME RUN (Flyball, 89XD, EV 100.6 MPH), Distance : 403 ft
|
|
Batting: LHB Pauli Gassinger
|
0-0: Called Strike 0-1: Foul Ball, location: 2F 0-2: Ball 1-2: Ball 2-2: Strikes out swinging
|
|
Batting: SHB Alvare Bairro
|
0-0: Ball 1-0: Called Strike 1-1: Foul Ball, location: 2F 1-2: Ball 2-2: Foul Ball, location: 2F 2-2: Ball 3-2: Ground out 6-3 (Groundball, P, EV 80.0 MPH)
|
|
Batting: RHB Chris Torlak
|
0-0: Called Strike 0-1: Swinging Strike 0-2: Reached via error on a dropped throw from 1B, E1 (Groundball, 34, EV 88.8 MPH)
|
|
Batting: SHB Frank King
|
0-0: Called Strike Chris Torlak steals 2nd base (no throw) 0-1: Ground out U3 (Groundball, 3, EV 101.9 MPH)
|
| Bottom of the 2nd over - 1 run, 1 hit, 1 error, 1 left on base; Charlotte 0 - Round Rock 2 |
| TOP OF THE 3RD |
|
Charlotte Knights batting - Pitching for Round Rock Express : RHP Ryusuke Yamamoto
|
|
Batting: RHB Harvey Harvey
|
0-0: Ball 1-0: Ball 2-0: Called Strike 2-1: Ground out 5-3 (Groundball, 56S, EV 68.8 MPH)
|
|
Batting: LHB Hirakito Herring
|
0-0: Ground out U3 (Groundball, 3, EV 103.8 MPH)
|
|
Batting: RHB Jeff Brower
|
0-0: Ball 1-0: Called Strike 1-1: Ball 2-1: SINGLE (Line Drive, 5D, EV 98.8 MPH)
|
|
Batting: LHB Sonny Flood
|
0-0: Ball 1-0: Ground out U3 (Groundball, 3, EV 91.3 MPH)
|
| Top of the 3rd over - 0 runs, 1 hit, 0 errors, 1 left on base; Charlotte 0 - Round Rock 2 |
| BOTTOM OF THE 3RD |
|
Round Rock Express batting - Pitching for Charlotte Knights : RHP Dave Espinoza
|
|
Batting: SHB David Simpson
|
0-0: Ball 1-0: Called Strike 1-1: Ball 2-1: Called Strike 2-2: Ground out 6-3 (Groundball, 6, EV 100.6 MPH)
|
|
Batting: RHB Alan Oxenrider
|
0-0: Called Strike 0-1: Fly out, F8 (Flyball, 78D, EV 84.4 MPH)
|
|
Batting: LHB Jeff Densmore
|
0-0: Fly out, F8 (Flyball, 89XD, EV 83.8 MPH)
|
| Bottom of the 3rd over - 0 runs, 0 hits, 0 errors, 0 left on base; Charlotte 0 - Round Rock 2 |
| TOP OF THE 4TH |
|
Charlotte Knights batting - Pitching for Round Rock Express : RHP Ryusuke Yamamoto
|
|
Batting: RHB Darwin Mills
|
0-0: Called Strike 0-1: Foul Ball, location: 2F 0-2: Ball 1-2: Strikes out swinging
|
|
Batting: LHB Brian Dickeson
|
0-0: Ball 1-0: Ground out 4-3 (Groundball, 34, EV 100.0 MPH)
|
|
Batting: RHB Will Washburn
|
0-0: Swinging Strike 0-1: Foul Ball, location: 2F 0-2: Ball 1-2: Ball 2-2: Strikes out swinging
|
| Top of the 4th over - 0 runs, 0 hits, 0 errors, 0 left on base; Charlotte 0 - Round Rock 2 |
| BOTTOM OF THE 4TH |
|
Round Rock Express batting - Pitching for Charlotte Knights : RHP Dave Espinoza
|
|
Batting: RHB Jimmy Hammertime
|
0-0: Ball 1-0: Ball 2-0: Swinging Strike 2-1: Swinging Strike 2-2: Ball 3-2: Foul Ball, location: 2F 3-2: Base on Balls
|
|
Batting: RHB Andrew Clarke
|
0-0: SINGLE (Groundball, 6D, EV 106.3 MPH) Jimmy Hammertime to second
|
|
Batting: LHB Pauli Gassinger
|
0-0: Ball 1-0: Called Strike 1-1: Ball 2-1: Foul Ball, location: 2F 2-2: Foul Ball, location: 2F 2-2: Foul Ball, location: 2F 2-2: SINGLE (Line Drive, 3L, EV 106.9 MPH) Jimmy Hammertime to third Andrew Clarke to second
|
|
Batting: SHB Alvare Bairro
|
0-0: Foul Ball, location: 2F 0-1: Ball 1-1: Ball 2-1: Foul Ball, location: 2F 2-2: Strikes out swinging
|
|
Batting: RHB Chris Torlak
|
0-0: Called Strike 0-1: Ball 1-1: SINGLE (Groundball, 34D, EV 105.6 MPH) Jimmy Hammertime scores Andrew Clarke to third Pauli Gassinger to second
|
|
Batting: SHB Frank King
|
0-0: Called Strike 0-1: Ball 1-1: Fielders Choice at 2nd, 3-6 (Groundball, 3, EV 100.0 MPH) Andrew Clarke scores Pauli Gassinger to third
|
|
Batting: SHB David Simpson
|
0-0: Ball 1-0: Called Strike 1-1: Fielders Choice at 2nd, 6-4 (Groundball, 6, EV 96.3 MPH)
|
| Bottom of the 4th over - 2 runs, 3 hits, 0 errors, 2 left on base; Charlotte 0 - Round Rock 4 |
| TOP OF THE 5TH |
|
Charlotte Knights batting - Pitching for Round Rock Express : RHP Ryusuke Yamamoto
|
|
Batting: RHB Erik Christensen
|
0-0: Called Strike 0-1: Called Strike 0-2: Strikes out looking
|
|
Batting: RHB Nick Richardson
|
0-0: Ball 1-0: Ground out 6-3 (Groundball, 6, EV 99.4 MPH)
|
|
Batting: RHB Harvey Harvey
|
0-0: Called Strike 0-1: Ball 1-1: Foul Ball, location: 2F 1-2: Foul Ball, location: 2F 1-2: Foul Ball, location: 2F 1-2: Foul Ball, location: 2F 1-2: Ground out U3 (Groundball, 3L, EV 76.9 MPH)
|
| Top of the 5th over - 0 runs, 0 hits, 0 errors, 0 left on base; Charlotte 0 - Round Rock 4 |
| BOTTOM OF THE 5TH |
|
Round Rock Express batting - Pitching for Charlotte Knights : RHP Dave Espinoza
|
|
Batting: RHB Alan Oxenrider
|
0-0: Ball 1-0: Ground out 3-1 (Groundball, 34, EV 98.1 MPH)
|
|
Batting: LHB Jeff Densmore
|
0-0: Ball 1-0: Fly out, F5 (Popup, 56, EV 70.0 MPH)
|
|
Batting: RHB Jimmy Hammertime
|
0-0: Fly out, F9 (Flyball, 9D, EV 105.0 MPH)
|
| Bottom of the 5th over - 0 runs, 0 hits, 0 errors, 0 left on base; Charlotte 0 - Round Rock 4 |
| TOP OF THE 6TH |
|
Charlotte Knights batting - Pitching for Round Rock Express : RHP Ryusuke Yamamoto
|
|
Batting: LHB Hirakito Herring
|
0-0: Ball 1-0: Swinging Strike 1-1: Foul Ball, location: 2F 1-2: Ball 2-2: Foul Ball, location: 2F 2-2: Foul Ball, location: 2F 2-2: SINGLE (Groundball, 3S, EV 70.0 MPH) (infield hit)
|
|
Batting: RHB Jeff Brower
|
0-0: Ball 1-0: Ball 2-0: Called Strike 2-1: Ball 3-1: Base on Balls Hirakito Herring to second
|
|
Batting: LHB Sonny Flood
|
0-0: Ball 1-0: 3-RUN HOME RUN (Flyball, 9LD, EV 96.9 MPH), Distance : 348 ft
|
|
Batting: RHB Darwin Mills
|
0-0: Ball 1-0: Ball 2-0: Swinging Strike 2-1: Fly out, F6 (Flyball, 6MD, EV 75.6 MPH)
|
|
Batting: LHB Brian Dickeson
|
0-0: Called Strike 0-1: Ball 1-1: Ball 2-1: Ball 3-1: Called Strike 3-2: Base on Balls
|
|
Batting: RHB Will Washburn
|
0-0: Called Strike 0-1: Ball 1-1: SINGLE (Flyball, 6MD, EV 84.4 MPH) Brian Dickeson to second
|
|
Batting: RHB Erik Christensen
|
0-0: Called Strike 0-1: Called Strike 0-2: Ball 1-2: Strikes out swinging
|
|
Batting: LHB Jorge Rosales
|
0-0: Called Strike 0-1: Foul Ball, location: 2F 0-2: Strikes out looking
|
| Top of the 6th over - 3 runs, 3 hits, 0 errors, 2 left on base; Charlotte 3 - Round Rock 4 |
| BOTTOM OF THE 6TH |
|
Round Rock Express batting - Pitching for Charlotte Knights : RHP Dave Espinoza
|
|
Batting: RHB Andrew Clarke
|
0-0: Called Strike 0-1: Foul Ball, location: 2F 0-2: Foul Ball, location: 2F 0-2: Ball 1-2: Foul Ball, location: 2F 1-2: Ball 2-2: Ground out 3-1 (Groundball, 34S, EV 83.1 MPH)
|
|
Batting: LHB Pauli Gassinger
|
0-0: Ball 1-0: Fly out, F5 (Popup, 56S, EV 81.3 MPH)
|
|
Batting: SHB Alvare Bairro
|
0-0: Ball 1-0: Ball 2-0: Ball 3-0: Called Strike 3-1: Called Strike 3-2: Foul Ball, location: 2F 3-2: Base on Balls
|
|
Pitching: RHP Jorge Mora
|
|
|
Batting: RHB Chris Torlak
|
0-0: Ball Alvare Bairro steals 2nd base (no throw) 1-0: Ball 2-0: Ball 3-0: Base on Balls
|
|
Batting: SHB Frank King
|
0-0: Foul Ball, location: 2F 0-1: Ball 1-1: Ball 2-1: SINGLE (Groundball, 4S, EV 68.8 MPH) (infield hit) Alvare Bairro to third Chris Torlak to second
|
|
Batting: SHB David Simpson
|
0-0: Called Strike 0-1: Ball 1-1: Called Strike 1-2: Ball 2-2: Ball 3-2: Strikes out looking
|
| Bottom of the 6th over - 0 runs, 1 hit, 0 errors, 3 left on base; Charlotte 3 - Round Rock 4 |
| TOP OF THE 7TH |
|
Charlotte Knights batting - Pitching for Round Rock Express : RHP Ryusuke Yamamoto
|
|
Pitching: RHP Luis Guerrero
|
|
|
Batting: RHB Harvey Harvey
|
0-0: Ball 1-0: Foul Ball, location: 2F 1-1: Ball 2-1: Ball 3-1: Ground out 5-3 (Groundball, 5, EV 83.1 MPH)
|
|
Batting: LHB Hirakito Herring
|
0-0: Ball 1-0: Foul Ball, location: 2F 1-1: Ball 2-1: Called Strike 2-2: Fly out, F4 (Line Drive, 4, EV 72.5 MPH)
|
|
Batting: RHB Jeff Brower
|
0-0: Ball 1-0: Ball 2-0: Fly out, F8 (Flyball, 8LD, EV 93.8 MPH)
|
| Top of the 7th over - 0 runs, 0 hits, 0 errors, 0 left on base; Charlotte 3 - Round Rock 4 |
| BOTTOM OF THE 7TH |
|
Round Rock Express batting - Pitching for Charlotte Knights : RHP Jorge Mora
|
|
Pitching: RHP Chris Rodgers
|
|
|
Batting: RHB Alan Oxenrider
|
0-0: Called Strike 0-1: Swinging Strike 0-2: Ball 1-2: Ball 2-2: Strikes out looking
|
|
Batting: LHB Jeff Densmore
|
0-0: Called Strike 0-1: Fly out, F9 (Flyball, BS8, EV 101.9 MPH)
|
|
Batting: RHB Jimmy Hammertime
|
0-0: Ball 1-0: Called Strike 1-1: Ground out 6-3 (Groundball, 6, EV 86.3 MPH)
|
| Bottom of the 7th over - 0 runs, 0 hits, 0 errors, 0 left on base; Charlotte 3 - Round Rock 4 |
| TOP OF THE 8TH |
|
Charlotte Knights batting - Pitching for Round Rock Express : RHP Luis Guerrero
|
|
Pitching: LHP Corbett Sweet
|
|
|
Batting: LHB Sonny Flood
|
0-0: Ball 1-0: Ball 2-0: Fly out, F7 (Flyball, 78S, EV 87.5 MPH)
|
|
Pitching: LHP Melvin Fonseca
|
|
|
Batting: RHB Darwin Mills
|
0-0: SINGLE (Groundball, 6MD, EV 99.4 MPH)
|
|
Pinch Hitting: RHB Jake Savell
|
0-0: Called Strike 0-1: Ball 1-1: Foul Ball, location: 2F 1-2: Ball 2-2: Strikes out looking
|
|
Batting: RHB Will Washburn
|
0-0: Swinging Strike 0-1: Called Strike 0-2: Ball 1-2: Strikes out swinging
|
| Top of the 8th over - 0 runs, 1 hit, 0 errors, 1 left on base; Charlotte 3 - Round Rock 4 |
| BOTTOM OF THE 8TH |
|
Round Rock Express batting - Pitching for Charlotte Knights : RHP Chris Rodgers
|
|
Now in LF: Jake Savell
|
|
|
Batting: RHB Andrew Clarke
|
0-0: Ball 1-0: Ball 2-0: Called Strike 2-1: Ground out 6-3 (Groundball, 6, EV 88.8 MPH)
|
|
Batting: LHB Pauli Gassinger
|
0-0: Ball 1-0: Called Strike 1-1: DOUBLE (Line Drive, 8RXD, EV 106.3 MPH)
|
|
Batting: SHB Alvare Bairro
|
0-0: Ground out 5-3 (Groundball, 5L, EV 105.0 MPH)
|
|
Batting: RHB Chris Torlak
|
0-0: Ground out 1-3 (Groundball, 13S, EV 66.9 MPH)
|
| Bottom of the 8th over - 0 runs, 1 hit, 0 errors, 1 left on base; Charlotte 3 - Round Rock 4 |
| TOP OF THE 9TH |
|
Charlotte Knights batting - Pitching for Round Rock Express : LHP Melvin Fonseca
|
|
Pitching: LHP Dennis French
|
|
|
Batting: RHB Erik Christensen
|
0-0: Ball 1-0: Ground out 4-3 (Groundball, 34, EV 85.6 MPH)
|
|
Batting: RHB Justin Harris
|
0-0: Called Strike 0-1: Called Strike 0-2: Foul Ball, location: 2F 0-2: Ball 1-2: Strikes out swinging
|
|
Pinch Hitting: RHB Casey Quinones
|
0-0: Called Strike 0-1: SINGLE (Line Drive, 78S, EV 107.5 MPH)
|
|
Batting: LHB Hirakito Herring
|
0-0: Ball 1-0: Ball 2-0: Called Strike 2-1: Ground out 4-3 (Groundball, 4, EV 96.9 MPH)
|
| Top of the 9th over - 0 runs, 1 hit, 0 errors, 1 left on base; Charlotte 3 - Round Rock 4 |
|